AoeStats
← BigBallernutz

Black Forest

508339381Analyzed
3v3 RM · 9d ago on Sep 22, 2026· 52m 30s· 6 players
Game mode
Random Map
Map size
Normal (6 player)
Population
200
Speed
Normal
Resources
Standard
Victory
Conquest
Starting age
Dark Age
Ending age
Imperial Age
RankedLock teamsTeams togetherTeam positionsShared explorationLock speedFull tech treeHidden civsTurbo modeCheats
Victory
Defeat
🇨🇱 Sicilians · Chile
534
+11
🇨🇱 Khmer · Chile
474
+14
🇨🇱 Britons · Chile
416
+16
🇺🇸 Persians · United States
462
-15
🇺🇸 Japanese · United States
410
-13
🇺🇸 Teutons · United States
408
-13
BigBallernutz
12:22 Feudal Age
12:43 Horse Collar
12:56 Loom
13:20 Double-Bit Axe
15:45 Wheelbarrow
15:35 Gold Mining
24:09 Castle Age
brucemcduck
13:51 Feudal Age
15:11 Wheelbarrow
15:30 Double-Bit Axe
15:48 Horse Collar
18:57 Gold Mining
24:18 Castle Age
24:53 Man-at-Arms
24:54 Pikeman
25:41 Long Swordsman
31:51 Stone Mining
36:28 Hand Cart
35:59 Loom
36:00 Town Watch
39:26 Forging
39:17 Scale Mail Armor
39:22 Scale Barding Armor
39:07 Fletching
39:17 Padded Archer Armor
41:00 Town Patrol
43:11 Iron Casting
42:52 Chain Mail Armor
45:25 Caravan
53:12 Imperial Age
Cleveland Brown
13:21 Feudal Age
14:34 Wheelbarrow
17:01 Double-Bit Axe
21:35 Castle Age
21:33 Horse Collar
23:56 Bow Saw
24:03 Heavy Plow
24:33 Gold Mining
27:45 Hand Cart
27:39 Stone Mining
37:26 Scale Barding Armor
42:25 Gold Shaft Mining
44:33 Imperial Age
45:26 Caravan
45:34 Elite War Elephant
47:18 Chain Barding Armor
Jipalmaa
10:10 Loom
12:30 Feudal Age
14:24 Wheelbarrow
14:33 Arson
14:34 Horse Collar
14:59 Double-Bit Axe
18:12 Gold Mining
19:46 Fletching
23:53 Castle Age
22:29 Scale Mail Armor
25:35 Bow Saw
25:32 Heavy Plow
25:26 Stone Mining
26:03 Hand Cart
26:07 Padded Archer Armor
27:53 Scale Barding Armor
27:51 Husbandry
29:31 Chain Barding Armor
29:26 Forging
29:56 Gold Shaft Mining
29:49 Ballistics
29:11 Treadmill Crane
30:23 Murder Holes
30:14 Pikeman
31:08 Elite Skirmisher
31:49 Town Watch
32:23 Leather Archer Armor
32:23 Chain Mail Armor
32:04 Bodkin Arrow
33:49 Gambesons
34:04 Squires
34:28 Caravan
35:10 Town Patrol
37:08 Iron Casting
36:29 Bodkin Arrow
40:11 Imperial Age
38:04 Masonry
39:11 Fervor
39:24 Sanctity
42:09 Chemistry
41:53 Plate Barding Armor
41:48 Plate Mail Armor
42:18 Blast Furnace
41:19 Bracer
41:49 Ring Archer Armor
44:34 Halberdier
46:32 Illumination
46:23 Block Printing
46:44 Theocracy
46:53 Cavalier
51:39 Elite Longbowman
52:47 Yeomen
Snow_Pv
13:19 Feudal Age
15:32 Double-Bit Axe
15:48 Horse Collar
18:00 Wheelbarrow
18:00 Man-at-Arms
24:14 Castle Age
22:32 Forging
23:22 Scale Mail Armor
23:28 Scale Barding Armor
25:17 Husbandry
27:09 Gold Mining
27:09 Stone Mining
29:10 Hand Cart
29:47 Iron Casting
29:33 Chain Barding Armor
29:07 Fletching
31:33 Heavy Plow
31:46 Bow Saw
31:54 Chain Mail Armor
31:40 Padded Archer Armor
33:44 Bloodlines
34:34 Gold Shaft Mining
34:35 Stone Shaft Mining
33:51 Town Watch
34:39 Caravan
36:33 Pikeman
37:36 Arson
37:12 Long Swordsman
39:15 Town Patrol
39:05 Loom
39:23 Bodkin Arrow
40:46 Murder Holes
41:12 Ballistics
41:35 Tusk Swords
45:52 Imperial Age
48:23 Chemistry
46:51 Elite Battle Elephant
47:55 Conscription
47:20 Capped Ram
48:15 Halberdier
49:41 Two-Handed Swordsman
51:52 Blast Furnace
51:28 Plate Barding Armor
50:54 Bracer
51:18 Leather Archer Armor
52:25 Siege Ram
jose.larroulet
9:42 Loom
11:47 Feudal Age
12:24 Horse Collar
22:31 Wheelbarrow
25:13 Castle Age
23:38 Bloodlines
24:43 Double-Bit Axe
29:25 Hand Cart
33:35 Pikeman
36:50 Husbandry
37:51 Caravan
41:20 Ballistics
41:07 Scale Mail Armor
41:19 Forging
45:22 Imperial Age
42:46 Crossbowman
46:19 Heavy Plow
45:50 Onager
47:56 Crop Rotation
47:17 Town Watch
48:25 Guilds
47:59 Halberdier
50:11 Siege Onager
52:15 Chemistry
51:29 Scale Barding Armor
Connection lost

Rejoining the realm…

Still unreachable

The connection could not be restored.

Session expired

The server has moved on; the page needs a fresh start.